 Dungeon Crawl Stone Soup version 0.30-a0-634-g8abc85282e (webtiles) character file.

Game seed: 10743848247212312774

7706 Leeroy the Fencer (level 11, -1/51 HPs)
             Began as a Tengu Warper on Jan 14, 2023.
             Was a Priest of Hepliaklqana.
             Slain by a komodo dragon (22 damage)
             ... on level 1 of the Lair of Beasts.
             The game lasted 00:21:15 (9857 turns).

Leeroy the Fencer (Tengu Warper)                    Turns: 9857, Time: 00:21:15

Health: -1/51      AC:  5    Str: 19    XL:     11   Next: 19%
Magic:  9/15       EV: 19    Int: 24    God:    Hepliaklqana [***...]
Gold:   438        SH:  0    Dex: 21    Spells: 1/14 levels left

rFire   x . .      SeeInvis .    h - +9 triple sword of the Foot {freeze, Str+4}
rCold   + . .      Faith    .    (shield currently unavailable)
rNeg    . . .      Spirit   .    b - +0 leather armour
rPois   .          Reflect  .    (helmet restricted)
rElec   .          Harm     .    O - +0 cloak
rCorr   +          Rampage  .    K - +0 pair of gloves
Will    .....                    (boots unavailable)
Stlth   ++                       (no amulet)
HPRegen 0.28/turn                j - ring "Buuzuzxo" {Ice rCorr Str+3 Int+4 Dex+4}
MPRegen 0.14/turn                p - +6 ring of intelligence

@: flying quickly and evasively, very slightly contaminated, quick
A: reduced essence, beak, talons 3, nimble flight
a: Renounce Religion, Recall Ancestor, Ancestor Identity, Transference


You were on level 1 of the Lair of Beasts.
You worshipped Hepliaklqana.
Hepliaklqana was most pleased with you.
You visited 3 branches of the dungeon, and saw 10 of its levels.
You also visited: Ossuary.

You collected 498 gold pieces.
You spent 60 gold pieces at shops.

Inventory:

Hand Weapons
 f - the +8 demon blade "Leech" {evervamp, Harm Drain rN+}
   (You found it on level 1 of the Lair of Beasts)

   rN:        It protects you from negative energy.
   Drain:     It drains your maximum health when unequipped.
   Harm:      It increases damage dealt and taken.
 h - the +9 triple sword of the Foot (weapon) {freeze, Str+4}
   (You acquired it on level 3 of the Dungeon)

   Str:       It affects your strength (+4).
 z - a +1 short sword of venom
 B - a +3 antimagic falchion
 N - a +4 quarterstaff of chaos
 V - a +0 great sword
Missiles
 d - 3 boomerangs of dispersal (quivered)
 l - 12 boomerangs
 u - 6 javelins
 C - 2 throwing nets
Armour
 b - a +0 leather armour (worn)
 K - a +0 pair of gloves (worn)
 O - a +0 cloak (worn)
 Q - a +0 robe of cold resistance
 Z - a +0 pair of boots
Jewellery
 j - the ring "Buuzuzxo" (left hand) {Ice rCorr Str+3 Int+4 Dex+4}
   (You found it on level 2 of the Dungeon)

   [ring of ice]

   It enhances your ice magic.
   Str:       It affects your strength (+3).
   Int:       It affects your intelligence (+4).
   Dex:       It affects your dexterity (+4).
   rF:        It makes you vulnerable to fire.
   rC:        It protects you from cold.
   rCorr:     It protects you from acid and corrosion.
 p - a +6 ring of intelligence (right hand)
 R - a ring of magical power
Wands
 D - a wand of mindburst (10)
 F - a wand of quicksilver (13)
 J - a wand of roots (11)
 U - a wand of charming (21)
Scrolls
 c - 6 scrolls of blinking
 g - 3 scrolls of magic mapping
 i - 4 scrolls of teleportation
 n - a scroll of amnesia
 o - 3 scrolls of poison
 s - a scroll of butterflies
 x - 3 scrolls of immolation
 y - a scroll of fear {unknown}
 A - 4 scrolls of noise
 I - a scroll of brand weapon
 M - a scroll of vulnerability {unknown}
 P - 2 scrolls of enchant armour {unknown}
 S - 2 scrolls of enchant weapon {unknown}
 W - a scroll of torment {unknown}
 X - 2 scrolls of identify
 Y - a scroll of fog {unknown}
Potions
 a - 2 potions of brilliance {unknown}
 e - 5 potions of attraction {unknown}
 k - 2 potions of magic {unknown}
 m - 9 potions of curing
 q - 5 potions of heal wounds
 r - a potion of ambrosia {unknown}
 t - 3 potions of flight {unknown}
 v - 2 potions of cancellation {unknown}
 w - 2 potions of lignification {unknown}
 E - 3 potions of mutation {unknown}
 G - 2 potions of haste {unknown}
 H - 2 potions of degeneration {unknown}
 L - a potion of berserk rage {unknown}
 T - a potion of might {unknown}


   Skills:
 - Level 2.0 Fighting
 + Level 16.4 Long Blades
 - Level 0.2 Axes
 - Level 0.1(0.3) Maces & Flails
 - Level 0.3 Staves
 - Level 1.0 Throwing
 - Level 1.1 Armour
 - Level 6.1 Dodging
 - Level 0.1 Shields
 - Level 2.0 Spellcasting
 - Level 0.2 Hexes
 - Level 0.4 Summonings
 - Level 0.3 Necromancy
 - Level 3.5 Translocations
 - Level 0.3 Transmutations
 - Level 0.2 Fire Magic
 - Level 0.3 Ice Magic
 - Level 4.2 Air Magic
 - Level 0.1 Poison Magic


You had one spell level left.
You knew the following spells:

 Your Spells              Type           Power      Damage    Failure   Level
a - Blink                 Tloc           38%        N/A       4%          2
b - Vhi's Electric Charg  Tloc/Air       42%        N/A       9%          3
c - Manifold Assault      Tloc           19%        N/A       32%         4
d - Airstrike             Air            11%        2d(2-18)  26%         4

Your spell library contained the following spells:

 Spells                   Type           Power      Damage    Failure   Level
 Shock                    Conj/Air       48%        1d6       6%          1
 Magic Dart               Conj           8%         1d3       14%         1
 Swiftness                Air            22%        N/A       8%          3
 Lesser Beckoning         Tloc           38%        N/A       10%         3
 Teleport Other           Tloc           19%        N/A       10%         3
 Ensorcelled Hibernation  Hex/Ice        10%        N/A       19%         2
 Passwall                 Tmut/Erth      2%         N/A       21%         2
 Searing Ray              Conj           4%         2d4       22%         2
 Summon Guardian Golem    Hex/Summ       3%         N/A       36%         3
 Stone Arrow              Conj/Erth      4%         3d7       38%         3
 Animate Armour           Summ/Erth      6%         N/A       78%         4
 Fulminant Prism          Conj/Hex       1%         3d5       80%         4
 Orb of Destruction       Conj           1%         9d5       100%        7
 Spellforged Servitor     Conj/Summ      1%         N/A       100%        7
 Lehudib's Crystal Spear  Conj/Erth      1%         10d2      100%        8


Dungeon Overview and Level Annotations

Branches:
Dungeon (8/15)             Temple (1/1) D:5            Lair (1/5) D:8
Ossuary (visited)

Altars:
Ashenzari
Cheibriados
Dithmenos
Elyvilon
Fedhas
Gozag
Hepliaklqana
Kikubaaqudgha
Makhleb
Nemelex Xobeh
Okawaru
Qazlal
Ru
Sif Muna
Trog
Vehumet
Wu Jian
Yredelemnul
The Shining One

Shops:
D:3 !   D:4 [   D:8 =

Annotations:
D:7 exclusion: statue


Innate Abilities, Weirdness & Mutations

Your life essence is reduced to manifest your ancestor. (-10% HP)
You have a beak for a mouth.
You have claws for feet.
Your magical nature lets you fly swiftly and evasively.


Message History

The bullfrog gives a loud, deep croak!
The bullfrog misses you.
You slice the bullfrog!! You freeze the bullfrog.
You kill the bullfrog!
X - 2 scrolls of identify (gained 1)
a - 2 clear potions (gained 1)
You swap places.
Key pressed, stopping explore.
A water moccasin comes into view.
A water moccasin is nearby!
Casting: Vhi's Electric Charge (dangerous; 9% risk of failure)
Confirm with . or Enter, or press ? or * to list all spells.
Charge where?
Press: ? - help, Dir - move target, f - water moccasin
Aim: a water moccasin (asleep, ally target, 98% to hit)
You charge forward with an electric crackle!
Found a leather armour.
You chop the water moccasin into pieces and electrocute it!!!
You freeze the water moccasin!
You kill the water moccasin!
You hear an angry hiss.
A komodo dragon comes into view.
A bullfrog comes into view.
Casting: Vhi's Electric Charge (dangerous; 9% risk of failure)
Confirm with . or Enter, or press ? or * to list all spells.
Charge where?
Press: ? - help, Dir - move target, f - komodo dragon
Aim: a komodo dragon (90% to hit)
You miscast Vhi's Electric Charge.
You are very lightly contaminated with residual magic.
Nothing appears to happen.
The bullfrog croaks.
The komodo dragon bites you!!
Ouch! That really hurt!
You slice the komodo dragon!! You freeze the komodo dragon!
You claw the komodo dragon, but do no damage.
You peck the komodo dragon, but do no damage.
The komodo dragon is severely wounded.
The komodo dragon bites you!!
You die...

#........ #........
.........
#........#
#.........
#F..[.... #l.......
#@....# ##.....#
...... #P.†...#.. .
..... ##.....#..
.#....
#R......#.........
#.......#.....#...
##.............#...
#......#.#.....#...
##.....#.#.........


You could see the friendly Hrodulf the hexer, a komodo dragon (ally target) and
a bullfrog.

Vanquished Creatures
  Nergalle (Lair:1)
  A black mamba (Lair:1)
  A torpor snail (Lair:1)
  3 cane toads (Lair:1)
  3 komodo dragons (Lair:1)
  A troll (D:8)
  2 yaks (Lair:1)
  A steam dragon (D:8)
  An acid dragon (D:8)
  7 water moccasins
  2 sky beasts (D:7)
  2 black bears (D:5)
  2 ice beasts
  An ogre (D:6)
  A wolf (D:8)
  3 phantoms
  A kobold brigand (D:8)
  5 bullfrogs
  2 necrophages
  A scorpion (D:5)
  2 water moccasin zombies (Ossuary)
  3 killer bees (D:8)
  An electric eel (D:8)
  6 hounds
  2 jellies
  An orc priest (D:8)
  Crazy Yiuf (D:2)
  A gnoll bouda (D:5)
  2 iguanas
  2 orc wizards (D:5)
  A hound skeleton (D:8)
  2 mummies (Ossuary)
  12 gnolls
  9 adders
  A shadow imp (D:5)
  A white imp (D:7)
  2 ufetubi (D:5)
  5 adder zombies (Ossuary)
  2 worms (D:3)
  3 dart slugs
  25 orcs
  7 endoplasms
  A giant cockroach (D:1)
  7 gnoll zombies (Ossuary)
  8 hobgoblins
  9 kobolds
  5 quokkas
  5 ball pythons
  6 bats
  3 frilled lizards
  6 goblins
  6 hobgoblin zombies (Ossuary)
  5 kobold zombies (Ossuary)
  2 orc zombies (Ossuary)
  2 quokka zombies (D:4)
  4 rats (D:3)
201 creatures vanquished.

Vanquished Creatures (collateral kills)
  A yak (Lair:1)
  A basilisk (Lair:1)
  An orc warrior (D:6)
  A wolf (D:8)
  A necrophage (D:7)
  2 killer bees (D:8)
  An electric eel (D:8)
  4 hounds (D:8)
  2 gnolls
  2 orcs
16 creatures vanquished.

Vanquished Creatures (others)
  2 ancestors
  2 plants (Lair:1)
4 creatures vanquished.

Grand Total: 221 creatures vanquished

Notes
Turn   | Place    | Note
-------+----------+-------------------------------------------
     0 | D:1      | Leeroy the Tengu Warper began the quest for the Orb.
     0 | D:1      | Reached XP level 1. HP: 12/12 MP: 4/4
   113 | D:1      | Reached XP level 2. HP: 17/17 MP: 6/6
   157 | D:1      | Reached skill level 3 in Long Blades
   783 | D:1      | Reached XP level 3. HP: 14/21 MP: 7/7
   826 | D:2      | Learned a level 2 spell: Blink
   830 | D:2      | Learned a level 3 spell: Vhi's Electric Charge
   908 | D:2      | Found a blossoming altar of Fedhas.
   933 | D:2      | Identified the ring "Buuzuzxo" {Ice rCorr Str+3 Int+4
                  | Dex+4}
  1097 | D:2      | Reached XP level 4. HP: 24/26 MP: 8/8
  1352 | D:2      | Found a runed translucent door.
  1353 | D:2      | Noticed Crazy Yiuf
  1532 | D:3      | Found Carhoenwia's Distillery.
  1540 | D:3      | Bought a potion of heal wounds for 60 gold pieces
  2091 | D:3      | Noticed a moth of wrath
  2093 | D:3      | Found a bloodstained altar of Trog.
  2128 | D:3      | Gained mutation: Your magical nature lets you fly swiftly
                  | and evasively. [Tengu growth]
  2128 | D:3      | Reached XP level 5. HP: 22/30 MP: 9/9
  2279 | D:4      | Found a sand-covered staircase.
  2336 | D:4      | Found Ciholly's Armour Shop.
  2456 | Ossuary  | Entered an ossuary
  2552 | Ossuary  | Reached XP level 6. HP: 17/35 MP: 10/10
  3090 | D:4      | Found a hazy altar of Hepliaklqana.
  3208 | D:4      | Reached skill level 5 in Dodging
  3208 | D:4      | Reached XP level 7. HP: 35/40 MP: 11/11
  3218 | D:3      | Identified a scroll of acquirement
  3223 | D:3      | Acquired the +9 triple sword of the Foot {freeze, Str+4}
  3242 | D:4      | Found a basalt altar of Yredelemnul.
  3283 | D:4      | Became a worshipper of Hepliaklqana the Forgotten
  3957 | D:5      | Entered Level 5 of the Dungeon
  3965 | D:5      | Reached skill level 4 in Long Blades
  4016 | D:5      | Reached skill level 5 in Long Blades
  4415 | D:5      | Reached XP level 8. HP: 44/44 MP: 8/12
  4579 | D:5      | Reached skill level 6 in Long Blades
  4676 | D:5      | Reached skill level 7 in Long Blades
  4950 | D:5      | Found a staircase to the Ecumenical Temple.
  5038 | D:5      | Reached * piety under Hepliaklqana
  5936 | D:2      | Killed Crazy Yiuf
  6150 | Temple   | Entered the Ecumenical Temple
  6358 | D:6      | Reached skill level 8 in Long Blades
  6594 | D:6      | Reached skill level 9 in Long Blades
  6803 | D:6      | Reached XP level 9. HP: 43/43 MP: 9/13
  7107 | D:7      | Reached ** piety under Hepliaklqana
  7108 | D:7      | Remembered your ancestor Hrodulf as a hexer
  7115 | D:7      | Reached skill level 10 in Long Blades
  7615 | D:7      | Found a radiant altar of Vehumet.
  7848 | D:7      | Reached skill level 11 in Long Blades
  8306 | D:8      | Found a staircase to the Lair.
  8333 | D:8      | Reached skill level 12 in Long Blades
  8531 | D:8      | Noticed a troll
  8533 | D:8      | Killed a troll
  8534 | D:8      | Reached XP level 10. HP: 47/47 MP: 10/14
  8581 | D:8      | Reached *** piety under Hepliaklqana
  8707 | D:8      | Reached skill level 13 in Long Blades
  8762 | D:8      | Found Sefrikhu's Jewellery Shoppe.
  8862 | D:8      | Found a shadowy altar of Dithmenos.
  8862 | D:8      | Found a stormy altar of Qazlal.
  8974 | D:8      | Found a burning altar of Makhleb.
  9127 | Lair:1   | Entered Level 1 of the Lair of Beasts
  9163 | Lair:1   | Noticed a cane toad
  9164 | Lair:1   | Reached skill level 14 in Long Blades
  9167 | Lair:1   | Killed a cane toad
  9184 | Lair:1   | Noticed a cane toad
  9194 | Lair:1   | Killed a cane toad
  9255 | Lair:1   | Noticed a cane toad
  9255 | Lair:1   | Noticed a torpor snail
  9260 | Lair:1   | Killed a cane toad
  9264 | Lair:1   | Killed a torpor snail
  9265 | Lair:1   | Reached skill level 15 in Long Blades
  9404 | Lair:1   | Noticed a black mamba
  9409 | Lair:1   | Killed a black mamba
  9410 | Lair:1   | Reached XP level 11. HP: 21/51 MP: 11/15
  9527 | D:8      | Learned a level 4 spell: Manifold Assault
  9532 | D:8      | Learned a level 4 spell: Airstrike
  9566 | Lair:1   | Found the +8 demon blade "Leech" {evervamp, Harm Drain rN+}
  9610 | Lair:1   | Noticed Nergalle
  9615 | Lair:1   | Killed Nergalle
  9616 | Lair:1   | Reached skill level 16 in Long Blades
  9857 | Lair:1   | Slain by a komodo dragon

Illustrated notes

Levels and vault maps discovered:
D:1:      mainiacjoe_arrival_reflecting_pool, layout_loops_ring
D:2:      layout_rooms, basic_altar, uniq_crazy_yiuf_cottage
D:3:      layout_loops_ring, tgw_trog, serial_shops, shop
D:4:      layout_loops_ring, mainiacjoe_overflow_catwalk_spiral,
          enter_ossuary_4, serial_shops, shop
D:5:      minmay_evil_eye, layout_basic, minmay_temple_entry_poolview
D:6:      layout_loops_cross
D:7:      layout_gridville, vehumet_statue
D:8:      layout_rooms, amethyst_overflow_temple_binary,
          makhleb_blood_cavern_becter, erik_lair_island, serial_shops, shop
Temple:   nicolae_temple_godzebo
Lair:1:   minmay_lair_oklob_tunnel, layout_chaotic_city, minmay_holes,
          ldierk_geyser, dreamdust_deal_with_the_devil,
          minmay_stone_trees_small, uniq_nergalle

Skill      XL: |  1  2  3  4  5  6  7  8  9 10 11 |
---------------+----------------------------------+-----
Long Blades    | 3 5 9 12 15 16 | 16.4
Translocations | 3 |  3.5
Air Magic      | 4 |  4.2
Dodging        | 3 5 6 |  6.1
Fighting       | |  2.0
Axes           | |  0.2
Maces & Flails | |  0.1
Staves         | |  0.3
Throwing       | |  1.0
Armour         | |  1.1
Shields        | |  0.1
Spellcasting   | |  2.0
Hexes          | |  0.2
Summonings     | |  0.4
Necromancy     | |  0.3
Transmutations | |  0.3
Fire Magic     | |  0.2
Ice Magic      | |  0.3
Poison Magic   | |  0.1

Action                   |  1- 3 |  4- 6 |  7- 9 | 10-12 || total
-------------------------+-------+-------+-------+-------++-------
Melee: Falchion          |    12 |   108 |     2 |       ||   122
       Kick              |    15 |    54 |    26 |    13 ||   108
       Peck              |     5 |    31 |    16 |    10 ||    62
       Dagger            |    52 |    55 |       |       ||   107
       Punch             |       |     2 |       |       ||     2
       Short sword       |       |     6 |       |       ||     6
       Triple sword      |       |       |   133 |    41 ||   174
Throw: Javelin           |       |     3 |     8 |     6 ||    17
       Boomerang         |       |     1 |       |     3 ||     4
 Cast: Vhi's Electric Ch |       |     7 |    42 |    17 ||    66
       Blink             |       |     2 |       |       ||     2
Invok: Recall Ancestor   |       |       |     5 |     2 ||     7
       Ancestor Life: He |       |       |     1 |       ||     1
  Use: Scroll            |       |       |    11 |       ||    11
       Potion            |       |       |       |     1 ||     1
 Stab: Sleeping          |     1 |     1 |       |       ||     2
       Confused          |       |       |     2 |     2 ||     4
       Distracted        |       |       |     1 |     2 ||     3
Armor: Leather armour    |    12 |    19 |     9 |     2 ||    42
Dodge: Dodged            |    43 |    82 |   110 |    14 ||   249

Table legend: (Time is in decaauts)
 A = Elapsed time spent in this place.
 B = Non-inter-level travel time spent in this place.
 C = Inter-level travel time spent in this place.
 D = Time resting spent in this place.
 E = Time spent auto-exploring this place.
 F = Levels seen in this place.
 G = Mean time per level.
                   A        B        C        D        E       F      G
               +--------+--------+--------+--------+--------+-----+--------+
         Total |   9460 |   8824 |    636 |    826 |   6212 |  11 |  860.0 |
       Dungeon |   8238 |   7633 |    605 |    791 |   5489 |   8 | 1029.8 |
        Temple |    106 |     76 |     30 |      0 |     67 |   1 |  106.0 |
          Lair |    606 |    606 |      0 |      0 |    387 |   1 |  606.0 |
       Ossuary |    508 |    508 |      0 |     34 |    267 |   1 |  508.0 |
               +--------+--------+--------+--------+--------+-----+--------+

Top non-repeatable levels by time:
     D:5: 1470 daAuts
     D:7: 1121 daAuts
     D:4: 1111 daAuts
     D:3: 1106 daAuts
     D:8: 959 daAuts
     D:6: 868 daAuts
     D:1: 812 daAuts
     D:2: 789 daAuts
  Lair:1: 606 daAuts
 Ossuary: 508 daAuts
  Temple: 106 daAuts
